[Event "51st Rilton Cup 2023-24"]
[Site "Stockholm"]
[Date "2024.01.05"]
[Round "9.3"]
[White "Trost, Edvin"]
[Black "Prraneeth Vuppala"]
[Result "1/2-1/2"]
[ECO "E08"]
[WhiteElo "2434"]
[BlackElo "2515"]
[Annotator "TA"]
[PlyCount "159"]
[EventDate "2023.12.27"]
[EventType "swiss"]
[EventCountry "SWE"]
[SourceTitle "playchess.com"]
[Source "ChessBase"]
[SourceQuality "1"]
[TimeControl "40/5400+30:1800+30"]

1. d4 Nf6 2. c4 e6 3. Nf3 d5 4. g3 Bb4+ 5. Bd2 Be7 6. Bg2 O-O 7. O-O Nbd7 8. Qc2 c6 9. Bf4 a5 10. Rd1 {[%emt 0:02:55] E08: Closed Catalan: Main Line: 7 Qc2.} h6 11. Ne5 Nh5 12. Bc1 Nhf6 13. Bf4 (13. Nxd7 {simplifies} Bxd7 14. b3 a4 15. Bb2) 13... Nh5 14. Bc1 Nhf6 15. Nxd7 Bxd7 {[%emt 0:05:08] [#]} 16. b3 $146 ({Predecessor:} 16. Nd2 c5 17. cxd5 exd5 18. dxc5 Rc8 19. Qd3 Qe8 20. Nb3 a4 21. Nd4 Bxc5 22. Bf4 {½-½ Lampert,J (2537)-Cyborowski,L (2490) Bundesliga 2223 2022 (13.3)}) 16... Rc8 (16... a4 $5) 17. Ba3 c5 18. cxd5 cxd4 19. Qb2 Nxd5 20. Bxd5 exd5 21. Bxe7 Qxe7 22. Rxd4 {[%emt 0:06:41] White is weak on the light squares} Qf6 {[%emt 0:09:07] White must now prevent ...Rfe8.} (22... Qe5 {is more complex.} 23. Nd2 Qxe2 24. Rxd5 Bc6) 23. Na3 Rc5 24. Rd2 Qxb2 25. Rxb2 Rfc8 26. Rd1 b5 27. Rdd2 ({Not} 27. Rbd2 $2 Bf5 28. g4 (28. Rxd5 $2 Rxd5 29. Rxd5 Rc1+ 30. Kg2 Be4+ 31. f3 Bxd5 $19) 28... Bxg4 $17) 27... Bf5 {[%emt 0:13:40] ...b4 is the strong threat.} 28. b4 $1 axb4 29. Rxb4 Bh3 {[%emt 0:00:06] ( -> ...Rc1+)} 30. f3 $1 Rc1+ 31. Kf2 R8c3 32. Rb1 b4 33. Rxc1 Rxc1 $16 {[%emt 0:00:01][%mdl 4096] Endgame KRB-KRN} 34. Nc2 Rf1+ 35. Ke3 Rb1 36. Rxd5 Rb2 37. Rd2 b3 38. axb3 Rxb3+ 39. Kf4 g5+ 40. Ke4 Be6 (40... Rb2 $14) 41. Nd4 Rb6 42. Rc2 Rd6 43. f4 Kg7 $2 (43... Bg4 $16 {was worth a try.} 44. h4 gxh4) 44. Rc5 $2 (44. fxg5 $1 $18 {and the rest is easy.} hxg5 45. Nxe6+ fxe6 46. Ke5) 44... Kf6 45. Kd3 gxf4 46. gxf4 Ra6 47. Ke4 Bg4 48. Rc2 Ra4 {[%emt 0:08:45] aiming for ...Bf5+.} 49. Rb2 h5 50. Rd2 (50. e3 $16) 50... Bf5+ 51. Kf3 Ra3+ 52. e3 Bg4+ 53. Ke4 Ra4 54. Rb2 Bf5+ 55. Kd5 (55. Kf3 $1 $16 {Rb6+ would be deadly.} Bg4+ 56. Kg3) 55... Be6+ $11 56. Ke4 (56. Kc5 $11) 56... Bf5+ $16 57. Kf3 $1 {[%emt 0:00:05] And now Rb6+ would win.} Bg4+ 58. Kf2 ({White should try} 58. Kg3 $16) 58... Kg7 59. Kg3 Ra3 60. Rb3 Ra2 (60... Ra1 $16) 61. h3 $1 $18 Bd1 62. Rb6 Ra3 63. Kh4 Kh7 64. Rb1 Ba4 65. Rb4 $1 ({Much less strong is} 65. Kxh5 $6 Rxe3 66. Kg5 Re4 $14) 65... Be8 66. Rb3 ({Less strong is} 66. Kxh5 Rxe3 67. Kg5 Rxh3 $14) 66... Ra5 (66... Rxb3 $16 67. Nxb3 Kg6) 67. f5 f6 68. Rb6 Kg7 {[%emt 0:00:18] [#]} 69. Ne6+ $1 Kg8 {[%emt 0:01:28][%cal Oe8f7] [#]} 70. Nd4 (70. Rb8 $142 $1 Ra4+ 71. Kg3) 70... Kg7 $16 71. Kg3 Bf7 72. Rb7 Kg8 73. Rb2 {[%emt 0:03:37] White is more active.} ({White should play} 73. Kf4 $16) 73... Re5 $1 $11 {[%emt 0:00:18] The position is equal.} 74. Rg2 Bd5 75. Rg1 Kf7 76. Re1 Be4 77. Kf4 Bg2 78. Kg3 Be4 79. Rf1 Bb7 80. Re1 {[%emt 0:05:59] Black escapes into a draw.   Weighted Error Value: White=0.13 (very precise) /Black=0.14 (very precise)} 1/2-1/2

[Event "51st Rilton Cup 2023-24"]
[Site "Stockholm"]
[Date "2024.01.05"]
[Round "9.4"]
[White "Malek, Jan"]
[Black "Chasin, Nico"]
[Result "1/2-1/2"]
[ECO "D36"]
[WhiteElo "2434"]
[BlackElo "2444"]
[Annotator "RC"]
[PlyCount "62"]
[EventDate "2023.12.27"]
[EventType "swiss"]
[EventCountry "SWE"]
[SourceTitle "playchess.com"]
[Source "ChessBase"]
[SourceQuality "1"]
[TimeControl "40/5400+30:1800+30"]

1. d4 Nf6 2. c4 e6 3. Nc3 d5 4. cxd5 exd5 5. Bg5 c6 6. e3 Nbd7 7. Bd3 Be7 8. Qc2 Nh5 9. Bxe7 Qxe7 10. Nge2 Nb6 11. O-O g6 12. Rae1 O-O 13. Qd2 Re8 14. Nc1 Be6 15. f3 Nf6 16. Qf2 c5 17. Qh4 Nc4 18. b3 cxd4 19. Qxd4 Na5 20. N1e2 Nc6 21. Qh4 Qc5 22. Nd1 Kg7 23. Nd4 Bd7 24. Nxc6 bxc6 25. Qd4 Qd6 26. e4 c5 27. Qb2 dxe4 28. Bxe4 Rad8 29. Nf2 Bb5 30. Rd1 Qb6 31. Rfe1 c4 1/2-1/2

[Event "51st Rilton Cup 2023-24"]
[Site "Stockholm"]
[Date "2024.01.05"]
[Round "9.5"]
[White "Kulaots, Kaido"]
[Black "Bronstein, Or"]
[Result "1/2-1/2"]
[ECO "C42"]
[WhiteElo "2524"]
[BlackElo "2428"]
[Annotator "TA"]
[PlyCount "97"]
[EventDate "2023.12.27"]
[EventType "swiss"]
[EventCountry "SWE"]
[SourceTitle "playchess.com"]
[Source "ChessBase"]
[SourceQuality "1"]
[TimeControl "40/5400+30:1800+30"]

1. e4 e5 2. Nf3 Nf6 3. Nxe5 d6 4. Nf3 Nxe4 5. d4 d5 6. Bd3 Nc6 7. O-O Be7 8. Nbd2 Bf5 $1 {[%emt 0:04:23][%mdl 4] is currently scoring better than 8...Nxd2.} 9. Re1 Nxd2 {[%emt 0:00:33] C42: Petroff Defence: 3 Nxe5 and unusual White 3rd moves.} 10. Qxd2 ({Much worse is} 10. Bxf5 Nxf3+ 11. gxf3 (11. Qxf3 Nxd4 12. Qh5 Nxf5 $17) 11... O-O $11) 10... Bg6 11. h3 O-O {[%emt 0:07:37] White is slightly better.} 12. c3 {[%emt 0:07:13] [#]} Bd6 $146 ({Predecessor:} 12... Qd6 13. Qc2 Bxd3 14. Qxd3 h6 15. Qf5 Rad8 16. Bf4 Qd7 17. Qxd7 Rxd7 18. Ne5 Nxe5 19. Bxe5 {½-½ Xue,Y (1671)-Zhao,Y (1458) CHN-chB (Women) 2019 (11)}) 13. Bxg6 hxg6 14. Qd3 Qd7 15. Ne5 Bxe5 16. dxe5 Rfe8 17. Bf4 Rad8 18. Rad1 a6 19. e6 Rxe6 20. Rxe6 fxe6 21. Qxg6 Rf8 22. Bg3 Rf6 23. Qg4 Qf7 24. Re1 Rg6 25. Qd1 Rf6 {[%emt 0:05:59] [#]} ({Black should play} 25... Rh6 $14) 26. Qb3 $1 $16 Na5 27. Qb4 b6 28. b3 {[%emt 0:01:38] Prevents Nc4. White has more active pieces.} Nb7 29. Qa4 (29. Qd4 $16) 29... Nc5 $11 30. Qc6 Nd3 (30... Ne4 $1 $11) 31. Re2 $1 $14 e5 32. Qa8+ Kh7 33. Qxa6 e4 {[%emt 0:00:01] The position is equal.} 34. Qc8 Qh5 35. Qg4 Qxg4 36. hxg4 $11 {[%emt 0:00:04][%mdl 4096] Endgame KRB-KRN} Rc6 $1 37. f3 exf3 38. gxf3 Rxc3 39. Kg2 d4 40. f4 Nc5 {[%emt 0:00:31] [#] White must now prevent ...d3.} 41. Be1 Rc1 42. Kf3 Kg8 43. f5 d3 44. Re3 Rd1 45. Bb4 {[%emt 0:02:28] Strongly threatening Re8+.} Rf1+ 46. Kg2 Ra1 {[%emt 0:01:34] ...d2 is the strong threat.} 47. Kf3 Rf1+ 48. Kg2 Ra1 {[%emt 0:00:05] Threatens to win with ...d2.} 49. Kf3 {[%emt 0:00:28] Weighted Error Value: White=0.08 (flawless) /Black=0.07 (flawless)} 1/2-1/2

[Event "51st Rilton Cup 2023-24"]
[Site "Stockholm"]
[Date "2024.01.05"]
[Round "9.6"]
[White "Jarmula, Lukasz"]
[Black "Gorshtein, Ido"]
[Result "1/2-1/2"]
[ECO "E21"]
[WhiteElo "2425"]
[BlackElo "2523"]
[Annotator "TA"]
[PlyCount "60"]
[EventDate "2023.12.27"]
[EventType "swiss"]
[EventCountry "SWE"]
[SourceTitle "playchess.com"]
[Source "ChessBase"]
[SourceQuality "1"]
[TimeControl "40/5400+30:1800+30"]

1. d4 Nf6 2. c4 e6 3. Nc3 Bb4 4. Nf3 b6 5. Bd2 Bb7 6. e3 O-O 7. Bd3 d6 8. O-O Nbd7 9. a3 Bxc3 10. Bxc3 Ne4 11. Be1 $1 {[%emt 0:00:09] 11.Be1 is better than 11.Bxe4. E21: Nimzo-Indian: 4 Nf3.} c5 12. dxc5 {[%emt 0:07:35] [#]} Ndxc5 $146 ({Predecessor:} 12... dxc5 13. Qc2 Ndf6 14. Nd2 Nxd2 15. Bxd2 Be4 16. Bxe4 Nxe4 17. Rad1 Nxd2 18. Rxd2 Qe7 {½-½ Mendonca,L (2490)-Szpar,M (2397) Pardubice Czech op-A 31st 2020 (4)}) 13. Be2 Rc8 14. b4 Nd7 15. a4 (15. Nd4 {with more complications.} Qg5 16. f3 Qxe3+ 17. Kh1) 15... d5 16. cxd5 Bxd5 17. Qd4 Qf6 18. Qxf6 Nexf6 19. Nd4 Bc4 20. Bxc4 Rxc4 21. a5 Nd5 22. b5 Nc7 23. axb6 axb6 {[%emt 0:00:07] The position is equal.} 24. Ra7 {[%emt 0:00:38] [#] Hoping for Nc6.} Re8 25. Bd2 Nf6 26. Rc1 Rxc1+ 27. Bxc1 e5 28. Rxc7 exd4 29. Kf1 dxe3 30. Bxe3 Nd5 {[%emt 0:00:09][%csl LRc7,LRe3] An uneventful encounter.   Weighted Error Value: White=0.05 (flawless) /Black=0.07 (flawless)} 1/2-1/2

[Event "51st Rilton Cup 2023-24"]
[Site "Stockholm"]
[Date "2024.01.05"]
[Round "9.7"]
[White "Rozentalis, Eduardas"]
[Black "Blomqvist, Erik"]
[Result "1/2-1/2"]
[ECO "C47"]
[WhiteElo "2454"]
[BlackElo "2521"]
[Annotator "TA"]
[PlyCount "27"]
[EventDate "2023.12.27"]
[EventType "swiss"]
[EventCountry "SWE"]
[SourceTitle "playchess.com"]
[Source "ChessBase"]
[SourceQuality "1"]
[TimeControl "40/5400+30:1800+30"]

1. e4 e5 2. Nf3 Nc6 3. Nc3 Nf6 4. d4 exd4 5. Nxd4 Bb4 6. Nxc6 bxc6 7. Bd3 O-O 8. O-O Re8 9. Qf3 {[%emt 0:03:33] The position is equal.} h6 {[%emt 0:02:15] C47: Scotch Four Knights and Four Knights with 4 g3.} 10. Qg3 Nh5 11. Qh3 Nf6 12. Qg3 Nh5 {[%emt 0:04:04] [#]} 13. Qh3 $146 ({Predecessor:} 13. Qg4 Nf6 {½-½ Srbis,J (2451)-Kozak,A (2568) Mitropa Cup Mali Losinj 2023 (5.2)}) 13... Nf6 14. Qg3 {[%emt 0:00:15] A rather calm draw.   Weighted Error Value: White=0.05 (flawless) /Black=0.03 (flawless)} 1/2-1/2

[Event "51st Rilton Cup 2023-24"]
[Site "Stockholm"]
[Date "2024.01.05"]
[Round "9.8"]
[White "Subelj, Jan"]
[Black "Aoshima, Mirai"]
[Result "1-0"]
[ECO "A13"]
[WhiteElo "2512"]
[BlackElo "2367"]
[Annotator "TA"]
[PlyCount "59"]
[EventDate "2023.12.27"]
[EventType "swiss"]
[EventCountry "SWE"]
[SourceTitle "playchess.com"]
[Source "ChessBase"]
[SourceQuality "1"]
[TimeControl "40/5400+30:1800+30"]

1. Nf3 Nf6 2. c4 e6 3. g3 d5 4. Bg2 d4 5. O-O c5 6. e3 Nc6 7. exd4 cxd4 8. d3 Be7 {[%emt 0:02:12] A13: English Opening: 1...e6.} 9. Bg5 Nd7 {[%emt 0:02:30] now scores much better than the old 9...0-0.} (9... h6 $11 {was preferrable.} 10. Bf4 g5) 10. Bxe7 $14 Qxe7 {[%emt 0:00:04] White is slightly better.} 11. Na3 O-O {[%emt 0:03:53] [#]} 12. Nb5 $146 (12. Nc2 $14 {is more appropriate.}) ({Predecessor:} 12. Re1 Rd8 13. Nc2 a5 14. b3 Nc5 15. Rb1 f6 16. a3 e5 17. b4 axb4 18. axb4 {0-1 Jurek,J (2273)-Nagy,G (2479) Staufer op 31st 2019 (6)}) 12... Rd8 $11 13. Nbxd4 Nxd4 14. Nxd4 Nc5 (14... Nb6 $1 $11 15. Ne2 Nxc4) 15. Nb3 $16 Rxd3 (15... Nxd3 $14 16. Qe2 e5) 16. Qe2 {[%emt 0:01:10] [#] Black must now prevent Nxc5.} Nxb3 17. Qxd3 Nxa1 18. Rxa1 e5 19. Re1 Be6 ({Black should play} 19... f6) 20. Rxe5 Qc7 21. Qd4 {[%emt 0:28:48] White has more active pieces.} Rd8 22. Bd5 (22. Qxa7 $2 {perishes.} Qxe5 23. h3 h6 $19) 22... b5 (22... Kf8 $16 23. a3 h6) 23. Qe4 $18 ({Worse is} 23. cxb5 Qd6 24. Rxe6 (24. Rg5 $2 g6 $19) 24... Qxe6 25. Bxe6 Rxd4 $19) 23... bxc4 24. Bxe6 fxe6 25. Rxe6 $40 {[%emt 0:00:07][%mdl 128] [#] Intending Re8+ and mate. KQR-KQR. White is out for blood.} Qb8 26. Qxc4 Kh8 27. Qe2 h6 28. Qe5 Rd1+ 29. Kg2 Qb7+ $2 (29... Qxe5 30. Rxe5 Rd7) 30. Qe4 $2 {[%emt 0:00:05] Weighted Error Value: White=0.05 (flawless) /Black=0.29 (precise)} (30. f3 Rd2+ 31. Kg1 Rd1+ 32. Kf2 Rd2+ 33. Ke3 Rxh2 34. Qf5) 1-0

[Event "51st Rilton Cup 2023-24"]
[Site "Stockholm"]
[Date "2024.01.05"]
[Round "9.9"]
[White "Socko, Monika"]
[Black "Raja Rithvik R"]
[Result "0-1"]
[ECO "D02"]
[WhiteElo "2396"]
[BlackElo "2500"]
[Annotator "TA"]
[PlyCount "76"]
[EventDate "2023.12.27"]
[EventType "swiss"]
[EventCountry "SWE"]
[SourceTitle "playchess.com"]
[Source "ChessBase"]
[SourceQuality "1"]
[TimeControl "40/5400+30:1800+30"]

1. d4 d5 2. Nf3 Nf6 3. g3 e6 4. Bg2 c5 5. O-O Nc6 6. c3 Be7 7. Nbd2 cxd4 {[%emt 0:02:17] D02: 1 d4 d5 2 Nf3 sidelines, including 2...Nf6 3 g3 and 2...Nf6 3 Bf4.} 8. cxd4 Qb6 9. Nb1 O-O {[%emt 0:06:04] The position is equal.} 10. Nc3 Bd7 11. Na4 {[%emt 0:04:31] [#]} Qa6 $146 ({Predecessor:} 11... Qb5 12. Nc3 Qa6 13. Bf4 Rfd8 14. Ne5 Be8 15. Nxc6 Bxc6 16. Qb3 b5 17. a3 Qb6 {0-1 Messmer,M (2260)-Roese,O Bundesliga 8889 1988 [8]}) 12. b3 Ne4 13. Bb2 $1 Rac8 14. Nd2 b5 {[%emt 0:01:29] aiming for ...Nxd2.} 15. Nxe4 bxa4 16. Nc5 Bxc5 17. dxc5 a3 18. Bc3 {[%emt 0:00:49] This pair of bishops is nice.} Qb5 19. e4 Qxc5 20. exd5 exd5 (20... Qxc3 $2 21. Rc1 (21. dxc6 Bxc6 22. Rc1 Qxc1 $11) 21... Qb4 22. dxc6 $18) 21. Qxd5 Qxc3 22. Qxd7 Rfd8 23. Qb7 {[%emt 0:00:37] And now Rfc1 would win.} Nd4 24. Qxa7 Qb2 25. Rab1 Qxa2 26. Ra1 Qd2 27. h4 (27. Qa4 $11) 27... Nc2 {[%emt 0:03:14] Black is more active.} ({Of course not} 27... Nxb3 28. Rxa3 Nd4 29. Qb7 $11) (27... g6 $17) 28. Rad1 Qxd1 $15 29. Rxd1 Rxd1+ 30. Kh2 Rd2 31. b4 Rxf2 {[%emt 0:02:37] Strongly threatening ...a2.} 32. b5 $2 {[%emt 0:02:17][%mdl 8192] [#]} (32. Qxf2 $2 {perishes.} a2 33. Qf5 Rf8 34. Qxc2 (34. Be4 $2 g6 $19) 34... a1=Q $19) (32. Kh3 $1 $11) 32... a2 $1 $19 {[%emt 0:00:31][%mdl 64] Deflection} 33. Qxa2 {[%emt 0:02:22] [#] Hoping for Kh3.} Ne3 $1 34. Qa7 (34. Qxf2 Ng4+ 35. Kg1 Nxf2 36. Kxf2) 34... Rxg2+ {[%emt 0:00:56] Black is clearly winning.} 35. Kh3 Re2 {[%emt 0:03:41] ( -> ...h5)} 36. b6 Rb2 (36... Re1 $142 37. Qb7 Rd8) 37. b7 Re8 38. Qa4 Rf8 {[%emt 0:00:31] Artfully played by Raja Rithvik R.   Weighted Error Value: White=0.45/Black=0.29 (precise)} 0-1

[Event "51st Rilton Cup 2023-24"]
[Site "Stockholm"]
[Date "2024.01.05"]
[Round "9.10"]
[White "Oratovsky, Michael"]
[Black "Utsab Chatterjee"]
[Result "1/2-1/2"]
[ECO "B51"]
[WhiteElo "2421"]
[BlackElo "2289"]
[Annotator "RC"]
[PlyCount "103"]
[EventDate "2023.12.27"]
[EventType "swiss"]
[EventCountry "SWE"]
[SourceTitle "playchess.com"]
[Source "ChessBase"]
[SourceQuality "1"]
[TimeControl "40/5400+30:1800+30"]

1. e4 c5 2. Nf3 d6 3. Bb5+ Nd7 4. O-O a6 5. Bd3 Ngf6 6. Re1 e6 7. c3 b5 8. Bc2 c4 9. b4 Bb7 10. a4 bxa4 11. Na3 Qc7 12. Qe2 Nb6 13. Bb2 Be7 14. d3 cxd3 15. Bxd3 O-O 16. c4 Nbd7 17. Qc2 a5 18. Nb5 Qc8 19. bxa5 Rxa5 20. Rxa4 Rxa4 21. Qxa4 Nc5 22. Qc2 Rd8 23. Nd2 Nxd3 24. Qxd3 Ba6 25. h3 d5 26. exd5 Bxb5 27. cxb5 Rxd5 28. Qe2 Qc2 29. Ne4 Qxe4 30. Qxe4 Nxe4 31. Rxe4 Rxb5 32. Re2 h5 33. g3 g5 34. Rc2 f6 35. Rc7 Kf8 36. Bd4 e5 37. Be3 f5 38. Kg2 Ke8 39. Bd2 Rd5 40. Bc1 Rd3 41. Bb2 e4 42. Bc1 Kd8 43. Ra7 Rd5 44. Be3 Ke8 45. Bc1 Kf8 46. Rc7 Bf6 47. Ba3+ Kg8 48. Rc5 Rxc5 49. Bxc5 Kf7 50. g4 hxg4 51. hxg4 f4 52. f3 1/2-1/2

[Event "51st Rilton Cup 2023-24"]
[Site "Stockholm"]
[Date "2024.01.05"]
[Round "9.11"]
[White "Rakesh Kumar Jena"]
[Black "Hillarp Persson, Tiger"]
[Result "1/2-1/2"]
[ECO "D00"]
[WhiteElo "2335"]
[BlackElo "2493"]
[Annotator "TA"]
[PlyCount "25"]
[EventDate "2023.12.27"]
[EventType "swiss"]
[EventCountry "SWE"]
[SourceTitle "playchess.com"]
[Source "ChessBase"]
[SourceQuality "1"]
[TimeControl "40/5400+30:1800+30"]

1. d4 Nf6 2. Bf4 g6 3. Nc3 d5 4. Nf3 Bg7 5. e3 O-O 6. Be2 c5 7. dxc5 Qa5 {[%emt 0:00:23] The position is equal.} 8. O-O {[%emt 0:00:24] D00: 1 d4 d5: Unusual lines.} Qxc5 9. Nb5 Nc6 {[%emt 0:21:34] [#]} 10. Nc7 $146 {[%emt 0:01:49] Inhibits Ne8.} ({Predecessor:} 10. c3 Ne8 11. b4 Qb6 12. Qxd5 e5 13. Bg3 Be6 14. Qc5 Qxc5 15. bxc5 f6 16. Nd2 f5 17. Bc4 Kf7 18. Rfd1 {½-½ Wirthensohn,H (2406)-Mandel,A (2391) Oberliga Baden 0708 2007 (5.1)}) 10... Rb8 11. Nb5 {[%emt 0:00:05] aiming for c3.} Ra8 12. Nc7 {[%emt 0:00:08] Against Ne8} Rb8 13. Nb5 {[%emt 0:16:58] Not much happened in this game.   Weighted Error Value: White=0.02 (flawless) /Black=0.02 (flawless)} 1/2-1/2

[Event "51st Rilton Cup 2023-24"]
[Site "Stockholm"]
[Date "2024.01.05"]
[Round "9.12"]
[White "Bailet, Pierre"]
[Black "Falkevall, Axel"]
[Result "1-0"]
[ECO "C77"]
[WhiteElo "2492"]
[BlackElo "2311"]
[Annotator "TA"]
[PlyCount "71"]
[EventDate "2023.12.27"]
[EventType "swiss"]
[EventCountry "SWE"]
[SourceTitle "playchess.com"]
[Source "ChessBase"]
[SourceQuality "1"]
[TimeControl "40/5400+30:1800+30"]

1. e4 e5 2. Nf3 Nc6 3. Bb5 a6 4. Ba4 Nf6 5. d3 d6 6. c4 g6 7. Nc3 Bg7 8. h3 O-O 9. O-O {[%emt 0:02:04] 9.0-0 is better than 9.Be3.} Nd7 {[%emt 0:05:37] C77: Ruy Lopez: 3...a6 4 Ba4 Nf6, unusual lines.} 10. Bg5 f6 11. Bh4 Nc5 {[%emt 0:04:02] Black is slightly better.} 12. Bxc6 bxc6 13. d4 exd4 14. Nxd4 Qe8 15. Re1 {[%emt 0:03:24] [#]} Ne6 $146 {[%emt 0:07:12] [#]} (15... Bd7 $11) ({Predecessor:} 15... Rb8 16. Rb1 a5 17. Bg3 Bd7 18. Qd2 Qf7 19. b3 Rfe8 20. Bf4 Re7 21. Re2 a4 {½-½ Fedoseev,V (2701)-Kovalev,V (2623) Chess.com Rapid Wk11 Swiss 2022 (9)}) 16. Nf5 $1 $14 gxf5 (16... Qf7 17. Nxg7) 17. exf5 Qf7 {[%emt 0:00:26] Threatens to win with ...Nc5.} 18. fxe6 Bxe6 {[%emt 0:00:05] [#]} 19. c5 $1 {[%emt 0:13:37] White is more active.} dxc5 20. Qa4 Bd5 21. Qa3 f5 {[%emt 0:17:27] White stays focused until the end.} 22. Qxc5 {[%emt 0:06:13] Strongly threatening Re7.} Bxc3 23. Qxc3 Qg6 24. f3 Rfe8 25. b3 a5 {[%emt 0:02:48] [#]} (25... Qd6 {was called for.} 26. Rad1 Kf7) 26. Rxe8+ $1 $18 Rxe8 27. Re1 ({Not} 27. Qxa5 Re2 28. Bf2 Bxf3 $17) 27... Rxe1+ 28. Bxe1 {[%emt 0:00:11][%mdl 4096] Endgame KQB-KQB} f4 29. Kh2 (29. Qxa5 Bxf3 30. Qd2 (30. Qxc7 $2 Qxg2#) 30... Bd5 $14) 29... a4 (29... h6 {might work better.} 30. Qd4 Qg5) 30. bxa4 Qb1 $2 (30... Qd6 31. a5 c5) 31. Qe5 {[%emt 0:01:48] Intending Qe8+ and mate.} Qxa2 (31... Qg6 $18 32. a5 (32. Qxf4 Qd6 $18) 32... Bc4 33. Qxc7 Bf1 34. Qb8+ (34. Qxf4 $2 Qxg2#) 34... Kg7 35. Bc3+ (35. Qxf4 $2 Qxg2#) 35... Kf7 36. Qxf4+ Ke7 37. Qc7+ Ke8 38. Qc8+ Kf7 39. Qd7+ Kg8) 32. Qe8+ {[%emt 0:00:31] White mates.} Kg7 33. Bc3+ Kh6 34. Qf8+ Kh5 35. Qf5+ Kh6 36. Bf6 {[%emt 0:00:23] Weighted Error Value: White=0.06 (flawless) /Black=0.51} 1-0

[Event "51st Rilton Cup 2023-24"]
[Site "Stockholm"]
[Date "2024.01.05"]
[Round "9.13"]
[White "Shohat, Yotam"]
[Black "Sidhant, Mohapatra"]
[Result "1-0"]
[ECO "C88"]
[WhiteElo "2332"]
[BlackElo "2408"]
[Annotator "RC"]
[PlyCount "107"]
[EventDate "2023.12.27"]
[EventType "swiss"]
[EventCountry "SWE"]
[SourceTitle "playchess.com"]
[Source "ChessBase"]
[SourceQuality "1"]
[TimeControl "40/5400+30:1800+30"]

1. e4 e5 2. Nf3 Nc6 3. Bb5 a6 4. Ba4 Nf6 5. O-O Be7 6. Re1 b5 7. Bb3 O-O 8. h3 Bb7 9. d3 Re8 10. Nc3 h6 11. a4 Na5 12. Ba2 b4 13. Ne2 Bf8 14. Ng3 b3 15. cxb3 Nc6 16. d4 d6 17. Bb1 Nb4 18. Bd2 c5 19. d5 Bc8 20. Bc3 Rb8 21. Nd2 g6 22. Rf1 Nh7 23. f4 Qh4 24. Ne2 exf4 25. Nf3 Qd8 26. Nxf4 Ng5 27. Nd2 Bg7 28. h4 Nh7 29. Qf3 Rb7 30. Qg3 Nf6 31. Bd3 Nxd3 32. Qxd3 Ng4 33. Bxg7 Kxg7 34. Qg3 Kh7 35. Rae1 Ne5 36. Nc4 Nxc4 37. bxc4 Qf6 38. e5 Rxe5 39. Nh5 Qe7 40. Nf6+ Kg7 41. Rxe5 Qxe5 42. Qxe5 dxe5 43. Ne8+ Kf8 44. Nd6 Rc7 45. h5 gxh5 46. Rf6 Bg4 47. a5 Be2 48. Kf2 Bd3 49. Ke3 Bg6 50. Ne4 Kg7 51. Rxa6 f5 52. d6 Rb7 53. Rb6 Ra7 54. a6 1-0

[Event "51st Rilton Cup 2023-24"]
[Site "Stockholm"]
[Date "2024.01.05"]
[Round "9.14"]
[White "Dhulipalla Bala Chandra Prasad"]
[Black "Hedman, Erik"]
[Result "1-0"]
[ECO "A43"]
[WhiteElo "2396"]
[BlackElo "2323"]
[Annotator "RC"]
[PlyCount "57"]
[EventDate "2023.12.27"]
[EventType "swiss"]
[EventCountry "SWE"]
[SourceTitle "playchess.com"]
[Source "ChessBase"]
[SourceQuality "1"]
[TimeControl "40/5400+30:1800+30"]

1. d4 Nf6 2. Nf3 c5 3. d5 b5 4. Bg5 g6 5. d6 exd6 6. Nc3 h6 7. Bxf6 Qxf6 8. Nxb5 Na6 9. c3 Bb7 10. e3 d5 11. Be2 Bg7 12. O-O O-O 13. Rb1 Qc6 14. c4 Rfc8 15. cxd5 Qb6 16. e4 Nc7 17. Nc3 d6 18. Nd2 Ba6 19. Bc4 Re8 20. Qa4 Qb4 21. Qc6 Bxc3 22. a3 Qa5 23. bxc3 Qxc3 24. Bxa6 Nxa6 25. Nf3 Qa5 26. e5 Rad8 27. exd6 Nb8 28. Qc7 Qxa3 29. Ne5 1-0

[Event "51st Rilton Cup 2023-24"]
[Site "Stockholm"]
[Date "2024.01.05"]
[Round "9.15"]
[White "Srihari L"]
[Black "Olsson, William"]
[Result "1-0"]
[ECO "B72"]
[WhiteElo "2272"]
[BlackElo "2379"]
[Annotator "RC"]
[PlyCount "75"]
[EventDate "2023.12.27"]
[EventType "swiss"]
[EventCountry "SWE"]
[SourceTitle "playchess.com"]
[Source "ChessBase"]
[SourceQuality "1"]
[TimeControl "40/5400+30:1800+30"]

1. e4 c5 2. Nf3 d6 3. d4 cxd4 4. Nxd4 Nf6 5. Nc3 g6 6. Be3 Nc6 7. f3 h5 8. Bc4 Bd7 9. Qd2 Nxd4 10. Bxd4 Bh6 11. Qd3 O-O 12. O-O Bg7 13. Rad1 a6 14. a4 Rc8 15. Rfe1 e6 16. Bb3 Ne8 17. Bxg7 Kxg7 18. Qd4+ Kh7 19. Qb4 Bc6 20. e5 a5 21. Qa3 Qb6+ 22. Kf1 Qc5 23. Qxc5 dxc5 24. Bc4 Nc7 25. Rd6 Kg7 26. Red1 Rfe8 27. Bb5 Bxb5+ 28. axb5 Re7 29. b6 Na6 30. Rd7 Kf8 31. Ne4 Rc6 32. Rd8+ Re8 33. Nf6 Rxd8 34. Rxd8+ Kg7 35. g4 hxg4 36. fxg4 g5 37. Rg8+ Kh6 38. h4 1-0

[Event "51st Rilton Cup 2023-24"]
[Site "Stockholm"]
[Date "2024.01.05"]
[Round "9.16"]
[White "Aradhya, Garg"]
[Black "Kokoszczynski, Jan"]
[Result "1-0"]
[ECO "D37"]
[WhiteElo "2390"]
[BlackElo "2250"]
[Annotator "RC"]
[PlyCount "73"]
[EventDate "2023.12.27"]
[EventType "swiss"]
[EventCountry "SWE"]
[SourceTitle "playchess.com"]
[Source "ChessBase"]
[SourceQuality "1"]
[TimeControl "40/5400+30:1800+30"]

1. d4 d5 2. c4 e6 3. Nc3 h6 4. Nf3 Nf6 5. g3 Nc6 6. Bg2 Bd6 7. O-O O-O 8. b3 Re8 9. Bf4 g5 10. Bxd6 cxd6 11. Rc1 dxc4 12. e4 e5 13. d5 Nb4 14. bxc4 Na6 15. h4 Bg4 16. hxg5 hxg5 17. Qd2 Nh7 18. Nh2 Bh5 19. Bf3 Bg6 20. Ng4 Nc5 21. Kg2 Nf6 22. Qxg5 Nfxe4 23. Nxe4 Nxe4 24. Qh6 Nf6 25. Rh1 Nh7 26. Rce1 e4 27. Be2 Rf8 28. Qf4 f5 29. Rh6 fxg4 30. Rxg6+ Kh8 31. Qxe4 Qb6 32. Qe3 Qb2 33. Rh1 Rf7 34. Rxg4 Raf8 35. f4 Qxa2 36. Qc3+ Rf6 37. Kf3 1-0